 Dungeon Crawl Stone Soup version 0.31-a0-360-gb3e1d13bf4 (webtiles) character file.

Game seed: 8508442917930836837

50967 juan097 the Severer (level 14, -1/193 HPs)
             Began as a Minotaur Berserker on July 26, 2023.
             Was a High Priest of Trog.
             Succumbed to a death drake's dark miasma
             ... in a Gauntlet.
             The game lasted 00:45:27 (15900 turns).

juan097 the Severer (Minotaur Berserker)           Turns: 15900, Time: 00:45:27

Health: -1/193     AC: 20    Str: 32    XL:     14   Next: 21%
Magic:  13/13      EV: 22    Int:  4    God:    Trog [*****.]
Gold:   933        SH:  5    Dex: 11    Spells: 13/13 levels left

rFire   + + .        a - +3 executioner's axe (flame)
rCold   + . .        (shield currently unavailable)
rNeg    + + .        M - +2 chain mail {rF+}
rPois   +            z - -2 hat of the Alchemist {rElec rPois rF+ rC+ rN+ Will+ rMut rCorr}
rElec   +            J - +0 cloak
rCorr   +            v - +2 pair of gloves
SInv    .            I - +2 pair of boots
Will    ++...        F - amulet of reflection Stlth
                     r - ring "Gophonki" {Drain rPois rN+ EV+5 Str+6, =R}
HPRegen 0.52/turn    x - +5 ring of evasion
MPRegen 0.13/turn

%: no teleportation, reflection, resist mutation
@: berserking, lethally poisoned (-1 -> -17), slowed
A: horns 2, retaliatory headbutt
a: Renounce Religion, Berserk, Trog's Hand, Brothers in Arms


You were in a Gauntlet.
You worshipped Trog.
Trog was extremely pleased with you.
You visited 2 branches of the dungeon, and saw 15 of its levels.
You also visited: Sewer, Bailey, Gauntlet and Ice Cave.

You collected 1329 gold pieces.
You spent 396 gold pieces at shops.

Inventory:

Hand Weapons
 a - a +3 executioner's axe of flaming (weapon)
 b - the +9 war axe of Doix {antimagic, Str+2 Dex+2 Stlth-}
   (Trog gifted it to you on level 11 of the Dungeon)

   Str:       It affects your strength (+2).
   Dex:       It affects your dexterity (+2).
   Stlth:     It makes you less stealthy.
Missiles
 d - a throwing net
 p - 22 boomerangs (quivered)
 t - 8 javelins
 G - 43 poisoned darts
 S - 2 boomerangs of dispersal
 W - 2 curare-tipped darts
Armour
 v - a +2 pair of gloves (worn)
 z - the -2 hat of the Alchemist (worn) {rElec rPois rF+ rC+ rN+ Will+ rMut rCorr}
   (You found it on level 3 of the Lair of Beasts)

   rF:        It protects you from fire.
   rC:        It protects you from cold.
   rElec:     It insulates you from electricity.
   rPois:     It protects you from poison.
   rN:        It protects you from negative energy.
   rCorr:     It protects you from acid and corrosion.
   rMut:      It protects you from mutation.
   Will:      It increases your willpower.
 I - a +2 pair of boots (worn)
 J - a +0 cloak (worn)
 M - a +2 chain mail of fire resistance (worn)
Jewellery
 r - the ring "Gophonki" (left hand) {Drain rPois rN+ EV+5 Str+6, =R}
   (You acquired it on level 7 of the Dungeon)

   [ring of evasion]

   EV:        It affects your evasion (+5).
   Str:       It affects your strength (+6).
   rPois:     It protects you from poison.
   rN:        It protects you from negative energy.
   Drain:     It drains your maximum health when unequipped.
 s - a ring of ice
 x - a +5 ring of evasion (right hand)
 F - an amulet of reflection (around neck)
 T - a ring of see invisible
Wands
 y - a wand of quicksilver (11)
 A - a wand of roots (4)
 K - a wand of paralysis (8)
 R - a wand of digging (6)
Scrolls
 g - 7 scrolls of teleportation
 i - 2 scrolls of poison
 l - a scroll of immolation
 m - 3 scrolls of torment
 q - 3 scrolls of revelation
 u - 2 scrolls of vulnerability
 w - a scroll of butterflies
 L - 4 scrolls of blinking
 O - a scroll of noise {unknown}
 U - a scroll of fear
 V - a scroll of silence {unknown}
 Y - 2 scrolls of amnesia {unknown}
 Z - a scroll of fog {unknown}
Potions
 c - 4 potions of curing
 f - 4 potions of heal wounds {unknown}
 j - 4 potions of enlightenment {unknown}
 k - 3 potions of mutation
 n - 6 potions of attraction {unknown}
 B - 3 potions of resistance
 C - 3 potions of might
 D - 2 potions of haste
 E - 2 potions of lignification
 H - a potion of invisibility
 N - 2 potions of ambrosia


   Skills:
 + Level 13.3 Fighting
 + Level 16.4 Axes
 - Level 4.0 Ranged Weapons
 - Level 8.0 Throwing
 - Level 12.0 Armour
 - Level 8.0 Dodging
 - Level 4.0 Stealth
 + Level 6.8 Evocations


You had 13 spell levels left.
You didn't know any spells.
Your spell library was empty.

Dungeon Overview and Level Annotations

Branches:
Dungeon (11/15)            Temple (0/1) D:5            Lair (4/5) D:11
 Shoals (0/4) Lair:2        Snake (0/4) Lair:3          Orc (0/2) D:11
  Sewer (visited)          Bailey (visited)           IceCv (visited)
Gauntlet (1/1)
  Slime: Lair:4-5

Altars:
Ashenzari
Dithmenos
Kikubaaqudgha
Makhleb
Nemelex Xobeh
Okawaru
Qazlal
Ru
Sif Muna
Vehumet
Xom
The Shining One
Jiyva

Shops:
D:3 [   D:10 *   D:11 [

Annotations:
D:8 2 transporters Gauntlet 9 transporters


Innate Abilities, Weirdness & Mutations

You have a pair of horns on your head.
You reflexively headbutt those who attack you in melee.


Message History

A red film seems to cover your vision as you go berserk!
You feel yourself moving faster!
You feel mighty!
You are engulfed in dark miasma.
* * * LOW HITPOINT WARNING * * *
The death drake closely misses you.
The death drake bites you but does no damage.
You slice the death drake!! You burn the death drake!
Your headbutt misses the death drake.
The death drake is severely wounded.
You are engulfed in dark miasma.
* * * LOW HITPOINT WARNING * * *
The death drake breathes miasma at you. The foul vapour engulfs you.
You are poisoned.
* * * LOW HITPOINT WARNING * * *
You closely miss the death drake. Your headbutt misses the death drake.
The death drake is severely wounded.
You are engulfed in dark miasma.
You are lethally poisoned!
You feel as though you will be slow longer.
* * * LOW HITPOINT WARNING * * *
x2 You feel extremely sick.
The death drake barely misses you. You furiously retaliate!
You headbutt the death drake! You barely miss the death drake.
Your headbutt misses the death drake.
The death drake is almost dead.
* * * LOW HITPOINT WARNING * * *
You feel extremely sick.
The death drake bites you but does no damage.
The death drake closely misses you.
You slice the death drake!! You burn the death drake.
You kill the death drake!
Trog accepts your kill.
* * * LOW HITPOINT WARNING * * *
You feel very sick.
Training target 12.0 for Armour reached!
Your Armour skill increases to level 12!
You are too berserk!
Unknown command.
You die...

###..###########...###########.
#8#.....#.©.#....≈....#.©.#....
###...8.#...#...≈8§...#...#.8..
#.....#.©.#....≈....#.©.#....
###..###########...###########.
#8#..#..≈≈...≈.#...#.........#.
###..#.≈..≈..≈.#...#3#.#.#.#.#.
#..#.≈.≈≈.≈≈©#...#3.#.#.#..#.
###..#≈.≈...≈.@#...#3#.#.#.#.#.
#8#..#≈..≈.≈.≈≈#...#..#.©.#..#.
###..#.≈.≈≈≈.≈.#...#.#.#.#.#.#.
#..#Z≈≈...≈..#...#..#.#.#..#.
###..#Z≈...≈.≈.#...#.#.#.#.#.#.
#8#..#k.≈.©=.≈(#...#...=©()..#.
###..###########...###########.
#.....#.©.#....≈....#.©.#....
###...8.#...#...≈8≈...#...#.8..


You could see 3 sixfirhies.

Vanquished Creatures
  An ice dragon (IceCv)
  Josephine (D:10)
  A two-headed ogre (D:10)
  A tengu warrior (Gauntlet)
  Urug (Lair:3)
  Amaemon (Lair:3)
  A death drake (Gauntlet)
  An orc knight (Bailey)
  An orc sorcerer (Bailey)
  A manticore (D:11)
  A cyclops (D:11)
  3 elephants (Lair:3)
  2 merfolk sirens (Lair:2)
  A centaur zombie (Gauntlet)
  A spectral centaur (Gauntlet)
  2 ice statues (IceCv)
  4 black mambas
  An orange demon (Lair:3)
  A gargoyle (D:11)
  9 cane toads
  A kobold demonologist (Bailey)
  6 komodo dragons
  5 rime drakes
  A tengu conjurer (Gauntlet)
  2 merfolk (Lair:2)
  2 trolls
  2 polar bears (Lair:1)
  Grinder (D:6)
  5 dream sheep (Lair:3)
  13 blink frogs
  12 yaks
  2 wyverns
  6 wraiths
  2 basilisks (Lair:3)
  5 steam dragons
  A naga (Lair:3)
  An acid dragon (D:10)
  9 water moccasins
  A spectral hornet (Gauntlet)
  2 black bears
  23 orc warriors
  2 ice beasts (D:8)
  2 sky beasts
  5 ogres
  19 wolves (Lair:3)
  5 centaurs
  11 bullfrogs
  6 kobold brigands
  2 gnoll sergeants (D:11)
  4 scorpions
  14 wights
  3 lindwurm simulacra (IceCv)
  14 killer bees
  3 howler monkeys
  5 electric eels
  A crimson imp (D:3)
  A jelly (D:4)
  8 komodo dragon simulacra (IceCv)
  6 hounds
  5 orc priests
  Crazy Yiuf (D:7)
  2 gnoll boudas
  4 sleepcaps
  Terence (D:2)
  3 iguanas
  5 orc wizards
  16 gnolls
  5 river rats
  5 acid dragon simulacra (IceCv)
  15 adders
  12 white imps (Lair:2)
  An ufetubus (D:4)
  5 steam dragon simulacra (IceCv)
  2 worms
  4 dart slugs (D:1)
  42 orcs
  7 bats
  7 endoplasms
  8 giant cockroaches
  11 goblins
  15 hobgoblins
  17 kobolds
  A quokka (D:2)
  2 training dummies (D:5)
  14 ball pythons
  8 frilled lizards
  36 rats
502 creatures vanquished.

Vanquished Creatures (others)
  An orc warrior (D:10)
  An orc wizard (D:10)
  A kobold (D:10)
3 creatures vanquished.

Grand Total: 505 creatures vanquished

Notes
Turn   | Place    | Note
-------+----------+-------------------------------------------
     0 | D:1      | juan097 the Minotaur Berserker began the quest for the Orb.
     0 | D:1      | Reached XP level 1. HP: 19/19 MP: 0/0
   253 | D:1      | Reached skill level 4 in Axes
   253 | D:1      | Reached XP level 2. HP: 27/27 MP: 1/1
   599 | D:1      | Reached skill level 1 in Stealth
   620 | D:1      | Reached XP level 3. HP: 33/33 MP: 2/2
   771 | D:2      | Reached ** piety under Trog
   926 | D:2      | Found a shimmering altar of Xom.
   993 | D:2      | Reached skill level 5 in Axes
   993 | D:2      | Reached XP level 4. HP: 32/40 MP: 3/3
  1403 | D:2      | Noticed Terence
  1409 | D:2      | Killed Terence
  1654 | D:3      | Reached XP level 5. HP: 47/47 MP: 4/4
  1697 | D:3      | Found a burning altar of Makhleb.
  1698 | D:3      | Found a radiant altar of Vehumet.
  2020 | D:3      | Reached *** piety under Trog
  2022 | D:3      | Reached skill level 6 in Axes
  2295 | D:3      | Found Iranecenk's Antique Armour Emporium.
  2444 | D:4      | Reached skill level 5 in Fighting
  2574 | D:4      | Reached XP level 6. HP: 29/56 MP: 5/5
  2621 | D:3      | Bought a pair of runed gloves for 210 gold pieces
  2865 | D:5      | Entered Level 5 of the Dungeon
  2899 | D:5      | Found a staircase to the Ecumenical Temple.
  2917 | D:5      | Reached skill level 7 in Axes
  3036 | D:5      | Reached XP level 7. HP: 57/62 MP: 6/6
  3101 | D:5      | Found a glowing drain.
  3150 | Sewer    | Entered a sewer
  3261 | Sewer    | Reached **** piety under Trog
  3267 | Sewer    | Reached skill level 8 in Axes
  3623 | D:5      | Reached skill level 9 in Axes
  3655 | D:5      | Reached XP level 8. HP: 47/70 MP: 7/7
  3886 | D:5      | Reached ***** piety under Trog
  4091 | D:6      | Noticed Grinder
  4095 | D:6      | Killed Grinder
  4096 | D:6      | Reached skill level 10 in Axes
  4206 | D:6      | Reached skill level 1 in Ranged Weapons
  4246 | D:6      | Reached skill level 1 in Throwing
  4748 | D:6      | Found a sacrificial altar of Ru.
  4748 | D:6      | Found a shadowy altar of Dithmenos.
  4756 | D:6      | Found a stormy altar of Qazlal.
  4758 | D:6      | Found a glowing golden altar of the Shining One.
  4795 | D:6      | Found a sparkling altar of Nemelex Xobeh.
  4820 | D:6      | Found an ancient bone altar of Kikubaaqudgha.
  4829 | D:6      | Found a broken altar of Ashenzari.
  5283 | D:6      | Reached XP level 9. HP: 78/78 MP: 8/8
  5443 | D:7      | Found a runed translucent door.
  5444 | D:7      | Noticed Crazy Yiuf
  5451 | D:7      | Killed Crazy Yiuf
  5736 | D:7      | Found a flagged portal.
  5758 | Bailey   | Entered a bailey
  6085 | Bailey   | Found an iron altar of Okawaru.
  6086 | Bailey   | Noticed an orc sorcerer
  6100 | Bailey   | Noticed a rust devil
  6103 | Bailey   | Killed an orc sorcerer
  6104 | Bailey   | Reached skill level 11 in Axes
  6104 | Bailey   | Reached skill level 5 in Armour
  6119 | Bailey   | Noticed a kobold demonologist
  6139 | Bailey   | Reached skill level 5 in Dodging
  6146 | Bailey   | Noticed an orc knight
  6295 | Bailey   | Received a gift from Trog
  6460 | Bailey   | Killed a kobold demonologist
  6461 | Bailey   | Reached XP level 10. HP: 79/88 MP: 9/9
  6517 | Bailey   | Killed an orc knight
  7091 | D:7      | Acquired the ring "Gophonki" {Drain rPois rN+ EV+5 Str+6}
  7935 | D:8      | Reached skill level 12 in Axes
  8222 | D:8      | Found a transporter.
  8225 | D:8      | Found a viscous altar of Jiyva.
  8426 | D:8      | Found a transporter.
  9398 | D:10     | Entered Level 10 of the Dungeon
  9404 | D:10     | Found Regisues's Assorted Antiques.
  9436 | D:10     | Bought 2 scrolls of identify for 124 gold pieces
  9436 | D:10     | Bought a scroll of identify for 62 gold pieces
  9449 | D:10     | Reached skill level 10 in Fighting
  9476 | D:10     | Reached skill level 13 in Axes
  9476 | D:10     | Reached XP level 11. HP: 99/99 MP: 10/10
  9504 | D:10     | Noticed a two-headed ogre
  9512 | D:10     | Killed a two-headed ogre
  9526 | D:10     | Noticed Josephine
  9535 | D:10     | Killed Josephine
  9636 | D:10     | Found an iron altar of Okawaru.
  9656 | D:10     | Reached skill level 14 in Axes
  9681 | D:10     | Found a shimmering blue altar of Sif Muna.
 10122 | D:11     | Found a staircase to the Orcish Mines.
 10154 | D:11     | Reached skill level 1 in Evocations
 10450 | D:11     | Identified the +9 war axe of Doix {antimagic, Str+2 Dex+2
                  | Stlth-} (Trog gifted it to you on level 11 of the Dungeon)
 10450 | D:11     | Received a gift from Trog
 10616 | D:11     | Found a sparkling altar of Nemelex Xobeh.
 10761 | D:11     | Found a staircase to the Lair.
 10774 | D:11     | Found Ciojog's Armour Boutique.
 11075 | D:11     | Reached skill level 5 in Throwing
 11160 | Lair:1   | Entered Level 1 of the Lair of Beasts
 11553 | Lair:1   | Reached XP level 12. HP: 97/108 MP: 11/11
 11957 | Lair:2   | Found a shimmering blue altar of Sif Muna.
 12089 | Lair:2   | Found a frozen archway.
 12293 | IceCv    | Entered an ice cave
 12348 | IceCv    | Received a gift from Trog
 12717 | IceCv    | Noticed an ice dragon
 12725 | IceCv    | Reached skill level 15 in Axes
 12733 | IceCv    | Killed an ice dragon
 12877 | IceCv    | Reached skill level 10 in Armour
 12877 | IceCv    | Reached skill level 5 in Evocations
 12877 | IceCv    | Reached XP level 13. HP: 118/118 MP: 12/12
 13139 | Lair:2   | You fall into a shaft and drop 1 floor!
 13167 | Lair:3   | Noticed Amaemon
 13181 | Lair:3   | Killed Amaemon
 13776 | Lair:2   | Found a staircase to the Shoals.
 14711 | Lair:3   | Reached skill level 16 in Axes
 14713 | Lair:3   | Reached XP level 14. HP: 127/127 MP: 13/13
 14840 | Lair:3   | Noticed Urug
 14857 | Lair:3   | Killed Urug
 15195 | Lair:3   | Found a staircase to the Snake Pit.
 15199 | Lair:3   | Found the -2 hat of the Alchemist {rElec rPois rF+ rC+ rN+
                  | Will+ rMut rCorr}
 15613 | Lair:4   | Found a gate leading to a gauntlet.
 15629 | Gauntlet | Entered a Gauntlet
 15629 | Gauntlet | Found a transporter.
 15629 | Gauntlet | Found a transporter.
 15630 | Gauntlet | Found a transporter.
 15630 | Gauntlet | Found a transporter.
 15633 | Gauntlet | Found a transporter.
 15633 | Gauntlet | Found a transporter.
 15643 | Gauntlet | Found a transporter.
 15647 | Gauntlet | Found a transporter.
 15657 | Gauntlet | Found a transporter.
 15759 | Gauntlet | Found a transporter.
 15763 | Gauntlet | Found a transporter.
 15775 | Gauntlet | Found a transporter.
 15898 | Gauntlet | HP: 8/193 [poisoned by a death drake (dark miasma)]
 15899 | Gauntlet | HP: 3/193 [poisoned by a death drake (dark miasma)]
 15900 | Gauntlet | Succumbed to a death drake's dark miasma

Illustrated notes

Levels and vault maps discovered:
D:1:      lightli_arrival_isolated_outpost, layout_basic, roderic_lattice_a,
          skrybe_limestone_x, minmay_bisected
D:2:      layout_loops_corners, basic_altar, minmay_tiny_reverse_x, uniq_terence
D:3:      layout_basic, grunt_temple_overflow_lords_of_destruction,
          serial_shops, nicolae_shop_pleasant_corner_grove, glass_columns_a,
          minmay_quadrilaterals
D:4:      layout_rooms
D:5:      dreamdust_elfheim, layout_basic, minmay_temple_entry_glassed_door,
          portal_sewer_entry_c, moated_statue, minmay_tree_intersection,
          hex_intersection
D:6:      layout_basic, chequers_temple_overflow_minitemple,
          mainiacjoe_overflow_catwalk_spiral, wad_floor_pattern_untrapped,
          uniq_grinder
D:7:      layout_basic, enter_bailey_3, small_statue_intersection,
          uniq_crazy_yiuf_cottage
D:8:      gammafunk_jiyva_shrine, layout_basic
D:9:      layout_roguey, kennysheep_minor_cross, minmay_misc_feat_five
D:10:     layout_basic, lemuel_doored_altar, led_sif_book, serial_shops, shop,
          lemuel_flame_loot_1, uniq_josephine
D:11:     layout_roguey, lair_entry_dummy,
          kennysheep_orc_monster_closet_entryway, special_room
          [special_room_orc], serial_shops, nicolae_shop_rolling_square,
          minmay_misc_feat_rows, minmay_splitting_lines,
          nemelex_diamond_rough_becter
Lair:1:   layout_regular_city, infiniplex_staircase_pool_2,
          serial_bayou_shore_b, grunt_megastairs_3
Lair:2:   layout_cave_pods, elwin_shoals_entry_stream, basic_altar,
          portal_ice_cave_entry_imps
Lair:3:   beast_lair_carwin_large_1, layout_gridlike,
          guppyfry_snake_entry_island, grunt_megastairs_2,
          infiniplex_staircase_pool, uniq_amaemon, uniq_urug
Lair:4:   layout_regular_city, gauntlet_entry_generic, serial_bayou_shore_a,
          uniq_sonja
Gauntlet: gammafunk_gauntlet_hard_choice [gammafunk_gauntlet_arena_crates,
          gammafunk_gauntlet_arena_hedges, nicolae_gauntlet_arena_flowing_pool,
          gammafunk_gauntlet_arena_grid, gammafunk_gauntlet_arena_teeth,
          gammafunk_gauntlet_arena_spirals, gauntlet_exit_hidden_loot]

Skill      XL: |  1  2  3  4  5  6  7  8  9 10 11 12 13 14 |
---------------+-------------------------------------------+-----
Axes           | 4 5 6 7 9 10 11 13 14 15 16 | 16.4
Fighting       | 4 5 6 8 10 12 13 | 13.3
Stealth        | 1 2 3 4 |  4.0
Ranged Weapons | 2 4 |  4.0
Throwing       | 2 4 5 7 8 |  8.0
Armour         | 3 5 8 9 10 11 12 | 12.0
Dodging        | 3 5 6 7 8 |  8.0
Evocations     | 3 5 6 |  6.8

Action                     |  1- 3 |  4- 6 |  7- 9 | 10-12 | 13-15 || total
---------------------------+-------+-------+-------+-------+-------++-------
  Melee: Hand axe          |    62 |    18 |       |       |       ||    80
         Headbutt          |     3 |    19 |    37 |    42 |    22 ||   123
         Broad axe         |       |    90 |   178 |       |       ||   268
         Punch             |       |     1 |     2 |       |       ||     3
         Battleaxe         |       |       |    63 |       |       ||    63
         Executioner's axe |       |       |     7 |   351 |   171 ||   529
   Fire: Orcbow            |       |       |    64 |    64 |       ||   128
  Throw: Boomerang         |       |    14 |    15 |    69 |    43 ||   141
         Dart              |       |       |       |     5 |       ||     5
 Invoke: Berserk           |     1 |       |     1 |     2 |     1 ||     5
         Trog's Hand       |       |       |     2 |     2 |       ||     4
  Evoke: Wand              |       |       |     1 |       |     1 ||     2
    Use: Scroll            |       |     5 |     1 |    15 |     6 ||    27
         Potion            |       |       |       |     1 |     1 ||     2
   Stab: Sleeping          |       |     1 |     1 |       |       ||     2
 Armour: Animal skin       |     7 |       |       |       |       ||     7
         Ring mail         |    24 |    40 |   105 |       |       ||   169
         Chain mail        |       |       |     8 |   134 |    53 ||   195
  Dodge: Dodged            |    43 |    80 |   141 |   272 |   181 ||   717
  Block: Other             |       |       |    28 |    85 |    55 ||   168
         Reflection        |       |       |     1 |     8 |       ||     9

Table legend: (Time is in decaauts)
 A = Elapsed time spent in this place.
 B = Non-inter-level travel time spent in this place.
 C = Inter-level travel time spent in this place.
 D = Time resting spent in this place.
 E = Time spent auto-exploring this place.
 F = Levels seen in this place.
 G = Mean time per level.
                   A        B        C        D        E       F      G
               +--------+--------+--------+--------+--------+-----+--------+
         Total |  16253 |  15572 |    681 |    496 |  11028 |  19 |  855.4 |
       Dungeon |   9621 |   9085 |    536 |     87 |   6839 |  11 |  874.6 |
          Lair |   3775 |   3630 |    145 |    148 |   2679 |   4 |  943.8 |
         Sewer |    500 |    500 |      0 |      0 |    190 |   1 |  500.0 |
        Bailey |   1334 |   1334 |      0 |    232 |    693 |   1 | 1334.0 |
      Ice Cave |    743 |    743 |      0 |     29 |    465 |   1 |  743.0 |
      Gauntlet |    278 |    278 |      0 |      0 |    160 |   1 |  278.0 |
               +--------+--------+--------+--------+--------+-----+--------+

Top non-repeatable levels by time:
  Lair:3: 1506 daAuts
  Lair:2: 1391 daAuts
  Bailey: 1334 daAuts
     D:6: 1315 daAuts
    D:11: 1096 daAuts
     D:7: 1043 daAuts
     D:2: 927 daAuts
     D:8: 918 daAuts
     D:5: 821 daAuts
  Lair:1: 819 daAuts
     D:3: 811 daAuts
     D:9: 766 daAuts
     D:1: 754 daAuts
   IceCv: 743 daAuts
    D:10: 717 daAuts
